 Dungeon Crawl Stone Soup version 0.29-a0-234-g0dae59b3db (webtiles) character file.

Game seed: 2187211966447038250

240 spaghetti the Skirmisher (level 5, -4/46 HPs)
             Began as a Demonspawn Hunter on Mar 3, 2022.
             Was a Follower of Ru.
             Slain by a gnoll
             ... wielding a +0 halberd
              (7 damage)
             ... on level 4 of the Dungeon.
             The game lasted 00:07:30 (3189 turns).

spaghetti the Skirmisher (Demonspawn Hunter)        Turns: 3189, Time: 00:07:31

Health: -4/46      AC:  3    Str: 14    XL:     5   Next: 80%
Magic:  5/5        EV: 11    Int: 12    God:    Ru [*.....]
Gold:   123        SH:  0    Dex: 14    Spells: 4/4 levels left

rFire   . . .      SeeInvis .   b - +4 short sword {short}
rCold   . . .      Faith    .   (no shield)
rNeg    . . .      Spirit   .   d - +0 leather armour
rPois   .          Reflect  .   (no helmet)
rElec   .          Harm     .   (no cloak)
rCorr   .          Rampage  .   (no gloves)
Will    .....                   (no boots)
Stlth   +.........              (no amulet)
HPRegen 0.15/turn               (no ring)
MPRegen 0.09/turn               (no ring)

@: brilliant, flying, unable to read
A: demonic guardian 1, inability to read while threatened, demonic touch 2
a: Renounce Religion


You were on level 4 of the Dungeon.
You worshipped Ru.
Ru was aware of your devotion.
You visited 1 branch of the dungeon, and saw 4 of its levels.

You collected 123 gold pieces.


Innate Abilities, Weirdness & Mutations

A weak demonic guardian rushes to your aid.
You sometimes lose the ability to read scrolls when taking damage.
Your touch may inflict irresistible damage on your foes.


   Skills:
 + Level 6.2 Fighting
 - Level 3.6 Bows
 - Level 1.7 Dodging
 - Level 0.8 Stealth


You had 4 spell levels left.
You didn't know any spells.
Your spell library contained the following spells:

 Spells                   Type           Power      Damage    Failure   Level
 Sublimation of Blood     Necr           0%         N/A       54%         2
 Petrify                  Tmut/Erth      0%         N/A       99%         4
 Irradiate                Conj/Tmut      0%         3d14      100%        5

Inventory:

Hand Weapons
 a - a +1 shortbow {bow}
 b - a +4 short sword (weapon) {short}
   (You took it off a kobold on level 1 of the Dungeon)
Missiles
 c - 89 stones {throwing}
Armour
 d - a +0 leather armour (worn)
Jewellery
 h - a +6 ring of intelligence
   (You found it on level 4 of the Dungeon)
Scrolls
 g - a scroll of identify {unknown}
Potions
 e - a potion of flight

Dungeon Overview and Level Annotations

Branches:
Dungeon (4/15)
 Temple: D:4-7

Altars:
Fedhas
Ru

#### ..# #.## .# #..#
.# #..# .# ## #..###.#
#.. #......#
#..######.##...#
#.g@.....##...#
##g5#######...#
..g............#
#.####.#######...######
##.##..............
#...#...##.#.####.#
........)..#.####.#
...........#.......
.#.........#.####.#


You could see a gnoll shaman, 2 gnolls and a friendly quasit (summoned).


Message History

No target in view!
No target in view!
No target in view!
No target in view!
No target in view!
No target in view!
No target in view!
A kobold is nearby!
A kobold comes into view.
It is wielding a +0 short sword and carrying a wand of flame (13).
You see here a +6 ring of intelligence.
h - a +6 ring of intelligence You closely miss the kobold.
You touch the kobold.
You kill the kobold!
No target in view!
No target in view!
No target in view!
No target in view!
No target in view!
No target in view!
No target in view!
No target in view!
No target in view!
No target in view!
c - 89 stones {throwing} (gained 4)
Things that are here:
a +0 whip {mace}; a kobold corpse 2 gnolls come into view.
The gnoll shouts!
You hear a shout!
A gnoll shaman comes into view. It is wielding a +0 club.
The gnoll moves out of view.
A gnoll comes into view. It is wielding a +1 vorpal halberd.
The gnoll shouts! x2
The gnoll moves out of view.
The gnoll shaman shouts!
The gnoll closely misses you.
You hit the gnoll. The gnoll misses you.
The gnoll hits you from afar with a +0 halberd! 😕 HP[-7]
You take 7 damage, and now have 39/46 hp.
You hit the gnoll. The gnoll hits you with a +0 club.
You feel threatened and lose the ability to read scrolls!
A demonic guardian appears!
The gnoll closely misses you. 😮 HP[-6]
You take 6 damage, and now have 33/46 hp.
You are too injured to fight recklessly!
You are too injured to fight recklessly!
You are too injured to fight recklessly!
You are too injured to fight recklessly!
You are too injured to fight recklessly!
You are too injured to fight recklessly!
You are too injured to fight recklessly!
You are too injured to fight recklessly!
You are too injured to fight recklessly!
You are too injured to fight recklessly!
Unknown command.
You can read scrolls again.
The gnoll is stunned by your conviction and fails to attack.
The gnoll closely misses you.
The gnoll shaman begins to pray, but is stunned by your conviction! 😮 HP[+1]
You barely miss the gnoll. Your touch misses the gnoll.
Your quasit bites the gnoll but does no damage.
Your quasit misses the gnoll.
Your quasit claws the gnoll but does no damage.
The gnoll hits your quasit with a +0 club.
The gnoll shaman calls upon its god to speed up the gnoll.
The gnoll seems to speed up.
You hit the gnoll.
You kill the gnoll!
The gnoll closely misses you.
You hit the gnoll. The gnoll misses you. The gnoll closely misses you.
The gnoll shaman barely misses you.
You closely miss the gnoll. You punch the gnoll. The gnoll barely misses you.
Your quasit bites the gnoll.
Your quasit claws the gnoll but does no damage.
Your quasit closely misses the gnoll.
The gnoll hits you with a +0 halberd.
You feel threatened and lose the ability to read scrolls!
The gnoll shaman hits you with a +0 club.
The gnoll hits you from afar with a +1 vorpal halberd!
* * * LOW HITPOINT WARNING * * *
x2 Your quasit bites the gnoll.
Your quasit barely misses the gnoll.
Your quasit claws the gnoll. 😱 HP[-23]
You take 23 damage, and now have 11/46 hp.
MASSIVE DAMAGE!! (PAUSE) It was a potion of flight.
You feel very buoyant.
You fly up into the air.
The gnoll closely misses you. The gnoll hits you with a +0 halberd!
* * * LOW HITPOINT WARNING * * *
The gnoll shaman calls upon its god to heal the gnoll.
The gnoll's wounds heal themselves!
Your quasit bites the gnoll.
Your quasit claws the gnoll but does no damage. x2 😱 HP[-9]
You take 9 damage, and now have 2/46 hp.
Unknown command.
It was a potion of brilliance.
You feel clever all of a sudden. The gnoll closely misses you.
The gnoll hits you with a +0 halberd!
You die...

Skill      XL: |  1  2  3  4  5 |
---------------+----------------+-----
Fighting       | 4 5 6 |  6.2
Bows           | |  3.6
Dodging        | |  1.7
Stealth        | |  0.8

Action                   |  1- 3 |  4- 6 || total
-------------------------+-------+-------++-------
Melee: Short sword       |    20 |    61 ||    81
       Touch             |     1 |     9 ||    10
       Punch             |       |     3 ||     3
 Fire: Shortbow          |    57 |       ||    57
Invok: Sacrifice Words   |       |     1 ||     1
  Use: Scroll            |     2 |     2 ||     4
       Potion            |     1 |     3 ||     4
Armor: Leather armour    |     7 |    10 ||    17
Dodge: Dodged            |    21 |    37 ||    58

Levels and vault maps discovered:
D:1:      sevenhm_arrival_forest_fort_large_2, layout_basic,
          chequers_serial_rivers_large_a, minmay_tetromino_o2
D:2:      layout_loops_corners, hellmonk_ecumenical_altar_pennies_from_heaven,
          basic_altar, uniq_natasha
D:3:      minmay_octagon_keep, layout_loops_ring, mainiacjoe_overflow_alcove_1,
          minmay_unequal
D:4:      layout_loops_ring, general_overflow_altar, serial_shops, shop,
          hangedman_abyss_or_decor_stabs

Notes
Turn   | Place    | Note
-------+----------+-------------------------------------------
     0 | D:1      | spaghetti the Demonspawn Hunter began the quest for the
                  | Orb.
     0 | D:1      | Reached XP level 1. HP: 16/16 MP: 1/1
     0 | D:1      | magus.rc [v1.9.6]
   151 | D:1      | Gained mutation: A weak demonic guardian rushes to your
                  | aid. [demonic ancestry]
   151 | D:1      | Reached XP level 2. HP: 11/23 MP: 2/2
   544 | D:1      | Reached skill level 3 in Fighting
  1298 | D:2      | Noticed Natasha
  1304 | D:2      | Killed Natasha
  1305 | D:2      | Reached skill level 4 in Fighting
  1305 | D:2      | Gained mutation: Your touch may inflict minor irresistible
                  | damage on your foes. [demonic ancestry]
  1305 | D:2      | Reached XP level 3. HP: 15/30 MP: 3/3
  1306 | D:2      | You pick up a book of Alchemy and begin reading...
  1306 | D:2      | You add the spells Sublimation of Blood, Petrify and
                  | Irradiate to your library.
  1397 | D:2      | Noticed Natasha
  1404 | D:2      | HP: 3/30 [Natasha (6)]
  1410 | D:2      | Killed Natasha
  1411 | D:2      | Reached XP level 4. HP: 18/38 MP: 4/4
  1660 | D:2      | Found a faded altar of an unknown god.
  1733 | D:2      | Prayed at the altar of an unknown god.
  1733 | D:2      | Became a worshipper of Ru the Awakened
  1736 | D:2      | Gained mutation: You sometimes lose the ability to read
                  | scrolls when taking damage. [Ru sacrifice]
  1736 | D:2      | Reached * piety under Ru
  1807 | D:2      | Noticed Natasha
  1815 | D:2      | Killed Natasha
  1816 | D:2      | Reached skill level 5 in Fighting
  2293 | D:2      | Found a blossoming altar of Fedhas.
  2570 | D:3      | Gained mutation: Your touch may inflict irresistible damage
                  | on your foes. [demonic ancestry]
  2570 | D:3      | Reached XP level 5. HP: 36/44 MP: 5/5
  2794 | D:4      | Reached skill level 6 in Fighting
  3187 | D:4      | HP: 11/46 [gnoll/+1 vorpal halberd (4)]
  3188 | D:4      | HP: 2/46 [gnoll/+0 halberd (9)]
  3189 | D:4      | Slain by a gnoll

Vanquished Creatures
  An orc priest (D:3)
  Natasha (thrice) (D:2)
  2 orc wizards (D:4)
  A gnoll (D:4)
  3 adders
  A worm (D:4)
  4 orcs (D:4)
  3 endoplasms
  2 giant cockroaches (D:1)
  7 goblins
  2 hobgoblins (D:1)
  2 quokkas
  3 ball pythons
  3 bats (D:1)
  3 frilled lizards (D:1)
  5 kobolds
  3 rats (D:1)
48 creatures vanquished.

Vanquished Creatures (collateral kills)
  A hobgoblin (D:2)
1 creature vanquished.

Grand Total: 49 creatures vanquished

Table legend:
 A = Non-vault XP
 B = Vault XP
 C = Vault XP percentage of total XP
 D = Non-vault monster count
 E = Vault monster count
 F = Vault count percentage of total count
                 A         B        C        D         E       F
            +---------+---------+-------+---------+---------+-------
      Total |     306 |      38 |  11.0 |      47 |       2 |   4.1
            +---------+---------+-------+---------+---------+-------
        D:1 |      33 |       2 |   5.7 |      23 |       1 |   4.2
        D:2 |     111 |      36 |  24.5 |      11 |       1 |   8.3
        D:3 |      41 |       0 |   0.0 |       1 |       0 |   0.0
        D:4 |     121 |       0 |   0.0 |      12 |       0 |   0.0
            +---------+---------+-------+---------+---------+-------

Illustrated notes

Table legend:
 A = Kills in this place as a percentage of kills in entire the game.
 B = Kills by you in this place as a percentage of kills by you in the entire game.
 C = Kills by friends in this place as a percentage of kills by friends in the entire game.
 D = Other kills in this place as a percentage of other kills in the entire game.
 E = Experience gained in this place as a percentage of experience gained in the entire game.
 F = Experience gained in this place divided by the number of levels of this place that you have seen.
                   A       B       C       D       E      F
               +-------+-------+-------+-------+-------+----------------------
         Total | 100.0 | 100.0 | 100.0 |   N/A | 100.0 |  86.0
       Dungeon | 100.0 | 100.0 | 100.0 |   N/A | 100.0 |  86.0
               +-------+-------+-------+-------+-------+----------------------

Table legend: (Time is in decaauts)
 A = Elapsed time spent in this place.
 B = Non-inter-level travel time spent in this place.
 C = Inter-level travel time spent in this place.
 D = Time resting spent in this place.
 E = Time spent auto-exploring this place.
 F = Levels seen in this place.
 G = Mean time per level.
                   A        B        C        D        E       F      G
               +--------+--------+--------+--------+--------+-----+--------+
         Total |   3230 |   3162 |     68 |    685 |   2120 |   4 |  807.5 |
       Dungeon |   3230 |   3162 |     68 |    685 |   2120 |   4 |  807.5 |
               +--------+--------+--------+--------+--------+-----+--------+

Top non-repeatable levels by time:
     D:2: 1330 daAuts
     D:1: 1264 daAuts
     D:4: 621 daAuts
     D:3: 14 daAuts
